 Seeded DCSS version 0.29.1-1-gd02db6906a (webtiles) character file.

Game seed: 8800239265270809476 (custom seed)

1 GigaChad the Shield-Bearer (level 1, 0/20 HPs)
             Began as a Minotaur Fighter on Sept 26, 2022.
             Slain by a rat (2 damage)
             ... on level 1 of the Dungeon.
             The game lasted 00:00:39 (137 turns).

GigaChad the Shield-Bearer (Minotaur Fighter)        Turns: 137, Time: 00:00:40

Health: 0/20       AC:  9    Str: 22    XL:     1   Next: 16%
Magic:  0/0        EV:  7    Int: 13    God:
Gold:   9          SH:  4    Dex:  9    Spells: 0/0 levels left

rFire   . . .      SeeInvis .   a - +0 long sword
rCold   . . .      Faith    .   c - +0 buckler
rNeg    . . .      Spirit   .   f - +0 chain mail of the Baking Gods {Str+2 Int+8}
rPois   .          Reflect  .   (helmet restricted)
rElec   .          Harm     .   (no cloak)
rCorr   .          Rampage  .   (no gloves)
Will    .....                   (no boots)
Stlth   ..........              (no amulet)
HPRegen 0.06/turn               (no ring)
MPRegen 0.07/turn               (no ring)

@: no status effects
A: horns 2, retaliatory headbutt
a: no special abilities


You were on level 1 of the Dungeon.
You visited 1 branch of the dungeon, and saw 1 of its levels.

You collected 9 gold pieces.

Inventory:

Hand Weapons
 a - a +0 long sword (weapon)
Armour
 b - a +0 scale mail
 c - a +0 buckler (worn)
 f - the +0 chain mail of the Baking Gods (worn) {Str+2 Int+8}
   (You acquired it on level 1 of the Dungeon)

   Str:       It affects your strength (+2).
   Int:       It affects your intelligence (+8).
Scrolls
 e - a scroll of teleportation {unknown}
Potions
 d - a potion of might


   Skills:
 + Level 3.6 Fighting
 + Level 2.4 Long Blades
 + Level 3.6 Armour
 + Level 3.6 Shields


You couldn't memorise any spells.
You didn't know any spells.
Your spell library was empty.

Dungeon Overview and Level Annotations

Branches:
Dungeon (1/15)

Altars:


Innate Abilities, Weirdness & Mutations

You have a pair of horns on your head.
You reflexively headbutt those who attack you in melee.


Message History

The dart slug launches a dart at you.
The slug dart hits you but does no damage.
A rat comes into view.
The hobgoblin closely misses you. The hobgoblin attacks as you move away!
The hobgoblin barely misses you.
The dart slug bites you but does no damage.
You closely miss the hobgoblin. The dart slug launches a dart at you.
The slug dart hits you. The hobgoblin hits you. x2
You hit the hobgoblin but do no damage. The hobgoblin hits you.
The hobgoblin hits you but does no damage.
The dart slug bites you.
You slash the hobgoblin!
You kill the hobgoblin!
The hobgoblin hits you but does no damage.
The dart slug launches a dart at you.
The slug dart hits you but does no damage.
The hobgoblin hits you.
* * * LOW HITPOINT WARNING * * *
The hobgoblin hits you.
* * * LOW HITPOINT WARNING * * *
The dart slug launches a dart at you.
The slug dart hits you but does no damage.
You closely miss the hobgoblin. You block the rat's attack.
The hobgoblin hits you but does no damage.
The dart slug launches a dart at you. You block the slug dart.
The rat bites you.
* * * LOW HITPOINT WARNING * * *
The hobgoblin barely misses you.
You barely miss the hobgoblin. The hobgoblin barely misses you.
You block the rat's attack.
You hit the hobgoblin. Your headbutt misses the hobgoblin.
The hobgoblin is heavily wounded.
The rat bites you but does no damage.
The hobgoblin hits you but does no damage.
The dart slug bites you but does no damage.
You closely miss the hobgoblin.
The hobgoblin is heavily wounded.
The rat bites you.
You die...

... . #...... #.. #......
###.# ....... #...#
#......##.#.#
#...........########
#..>....r..........#
........g@.........####
#........w............###
..#................##...#
#.##..#......#######''##
#............#.........#
...#..#......#.........#
#.##..#.###..+.........#
#. #..##############...#
. ..##.....(+.....#...#


You could see a dart slug, a hobgoblin and a rat.

Vanquished Creatures
  A hobgoblin (D:1)
1 creature vanquished.

Notes
Turn   | Place    | Note
-------+----------+-------------------------------------------
     0 | D:1      | GigaChad the Minotaur Fighter began the quest for the Orb.
     0 | D:1      | Reached XP level 1. HP: 19/19 MP: 0/0
    46 | D:1      | Identified a scroll of acquirement
    46 | D:1      | Acquired the +0 chain mail of the Baking Gods {Str+2 Int+8}
   137 | D:1      | Slain by a rat

Illustrated notes

Levels and vault maps discovered:
D:1:      minmay_arrival_widening_spiral_wide, layout_rooms,
          serial_bayou_pond_b, minmay_crystal_room, st_stairs_3

Action                   || total
-------------------------++-------
Melee: Long sword        ||     7
  Use: Scroll            ||     1
Armor: Chain mail        ||    10
Dodge: Dodged            ||     4
Block: Buckler           ||     3
